 Dungeon Crawl Stone Soup version 0.28.0-53-g5a82cb258f (webtiles) character file.

Game seed: 15445775801315995337

101 diana the Insei (level 4, -3/28 HPs)
             Began as an Octopode Transmuter on June 4, 2022.
             Slain by a goblin
             ... wielding a +0 dagger
             ... led by Robin
              (4 damage)
             ... on level 3 of the Dungeon.
             The game lasted 00:04:03 (3022 turns).

diana the Insei (Octopode Transmuter)               Turns: 3022, Time: 00:04:03

Health: -3/28      AC:  1    Str:  9    XL:     4   Next: 75%
Magic:  5/7        EV: 13    Int: 17    God:
Gold:   52         SH:  0    Dex: 18    Spells: 4/7 levels left

rFire   . . .      SeeInvis .     - Unarmed
rCold   + . .      Faith    .   (no shield)
rNeg    + . .      Spirit   .   (helmet restricted)
rPois   .          Reflect  .   (no amulet)
rElec   .          Harm     .   e - +6 ring of dexterity
rCorr   +          Rampage  .   k - ring of Equivalence {rC+ rN+ rCorr Stlth-}
Will    .....                   (no ring)
Stlth   +++.......              (no ring)
HPRegen 0.09/turn               (no ring)
MPRegen 0.10/turn               (no ring)
                                (no ring)
                                (no ring)

@: wereblooded (expiring)
A: almost no armour, amphibious, 8 rings, camouflage 1, gelatinous body 1,
(nimble swimmer 1), tentacles
a: no special abilities


You were on level 3 of the Dungeon.
You visited 1 branch of the dungeon, and saw 3 of its levels.

You collected 52 gold pieces.

Inventory:

Jewellery
 e - a +6 ring of dexterity (left tentacle)
 k - the ring of Equivalence (right tentacle) {rC+ rN+ rCorr Stlth-}
   (You found it on level 2 of the Dungeon)

   [ring of positive energy]

   rC:        It protects you from cold.
   rN:        It protects you from negative energy.
   rCorr:     It protects you from acid and corrosion.
   Stlth:     It makes you less stealthy.
Scrolls
 c - a scroll of vulnerability {unknown}
 d - a scroll of magic mapping {unknown}
 f - a scroll of silence {unknown}
 g - a scroll of fog {unknown}
Potions
 a - 2 potions of curing {unknown}
 b - a potion of berserk rage {unknown}
 h - a potion of mutation {unknown}
 i - a potion of heal wounds {unknown}
 j - a potion of haste {unknown}


   Skills:
 + Level 1.0 Fighting
 + Level 2.2 Dodging
 + Level 3.2 Stealth
 + Level 4.0 Unarmed Combat
 + Level 2.3 Spellcasting
 + Level 2.4 Transmutations


You had 4 spell levels left.
You knew the following spells:

 Your Spells              Type           Power      Damage    Failure   Level
a - Beastly Appendage     Tmut           20%        N/A       7%          1
b - Wereblood             Tmut           10%        N/A       11%         2

Your spell library contained the following spells:

 Spells                   Type           Power      Damage    Failure   Level
 Spider Form              Tmut/Pois      6%         N/A       34%         3
 Ice Form                 Ice/Tmut       6%         N/A       75%         4


Dungeon Overview and Level Annotations

Branches:
Dungeon (3/15)

Altars:

Annotations:
D:2 Sigmund
D:3 Robin


Innate Abilities, Weirdness & Mutations

You cannot wear most types of armour.
You are amphibious.
You can wear up to eight rings at the same time.
Your skin changes colour to match your surroundings (Stealth+).
Your rubbery body absorbs attacks. (AC +1, EV +1)
((You are camouflaged when in or above water. (Stealth+)))
You have tentacles for arms and can constrict up to eight enemies at once.


Message History

You tentacle-slap the adder. You grab the adder.
The adder is heavily wounded.
You constrict the adder. The adder bites you. The hobgoblin closely misses you.
You tentacle-slap the adder.
You feel a bit better.
You kill the adder!
The hobgoblin hits you.
Your Unarmed Combat skill increases to level 4!
You tentacle-slap the goblin. You grab the goblin.
You pierce the goblin.
You feel a bit better.
You kill the goblin!
You bludgeon the hobgoblin!
You feel a bit better.
You kill the hobgoblin!
The hobgoblin misses you. Robin throws the goblin at you!
You closely miss the goblin. You grab the goblin.
Your squeeze misses the goblin.
You constrict the goblin, but do no damage.
The hobgoblin closely misses you. The goblin barely misses you.
The goblin hits you with a +0 club.
You tentacle-slap the goblin.
You feel a bit better.
You kill the goblin!
Your primal bloodlust is almost over.
The hobgoblin hits you. The goblin barely misses you. x2
You tentacle-slap the goblin.
You feel a bit better.
You kill the goblin!
The hobgoblin hits you. The goblin hits you with a +0 club.
You are too injured to fight recklessly!
You are too injured to fight recklessly!
You bludgeon the goblin!
You feel a bit better.
You kill the goblin!
The hobgoblin misses you. Robin throws the goblin at you!
The goblin hits you with a +0 dagger.
* * * LOW HITPOINT WARNING * * *
You closely miss the goblin. You grab the goblin. You constrict the goblin.
The hobgoblin hits you.
* * * LOW HITPOINT WARNING * * *
Robin closely misses you.
You release your grip on the goblin.
Your tentacle spike disappears.
The goblin hits you with a +0 dagger.
You die...

....... ...
....... ... ...
...>...####....
...
.......#.......
... ....?....#...
..# ...
.......#...# ..#
g..
......)g.#.###..#
... #gg.......# #
#.@.......### #
...##.)..........
#
........).......#
...
##.....).<.......
#..
.........†..?...#
..#
.................#
.##
.................#
##
............######
............


You could see Robin, a hobgoblin (strong) and a goblin (strong).

Vanquished Creatures
  A gnoll (D:2)
  4 adders
  2 dart slugs
  An orc (D:3)
  3 endoplasms
  2 giant cockroaches
  10 goblins
  4 hobgoblins
  4 jackals (D:2)
  3 kobolds
  2 quokkas (D:2)
  3 ball pythons
  3 bats
  2 frilled lizards (D:2)
  4 rats
48 creatures vanquished.

Vanquished Creatures (others)
  2 fungi (D:1)
2 creatures vanquished.

Grand Total: 50 creatures vanquished

Notes
Turn   | Place    | Note
-------+----------+-------------------------------------------
     0 | D:1      | diana the Octopode Transmuter began the quest for the Orb.
     0 | D:1      | Reached XP level 1. HP: 13/13 MP: 3/3
   560 | D:1      | Reached skill level 1 in Stealth
   560 | D:1      | Reached XP level 2. HP: 18/18 MP: 3/5
   763 | D:1      | Found a faded altar of an unknown god.
  1155 | D:2      | Learned a level 2 spell: Wereblood
  1552 | D:2      | Reached XP level 3. HP: 23/23 MP: 6/6
  1577 | D:2      | HP: 1/23 [poisoned by an adder]
  2089 | D:2      | Identified the ring of Equivalence {rC+ rN+ rCorr Stlth-}
  2185 | D:2      | Noticed Sigmund
  2501 | D:2      | HP: 1/23 [gnoll/+0 club (3)]
  2503 | D:2      | Reached XP level 4. HP: 2/28 MP: 5/7
  2961 | D:3      | Noticed a scorpion
  3010 | D:3      | Noticed Robin
  3015 | D:3      | Reached skill level 4 in Unarmed Combat
  3021 | D:3      | HP: 1/28 [hobgoblin[Robin] (6)]
  3022 | D:3      | Slain by a goblin

Illustrated notes

Levels and vault maps discovered:
D:1:      dpeg_arrival_water_fire, layout_basic,
          chequers_ecumenical_altar_simple
D:2:      layout_loops_ring, uniq_sigmund
D:3:      layout_rooms, gammafunk_temple_overflow_forgotten, uniq_robin,
          uniq_terence

Skill      XL: |  1  2  3  4 |
---------------+-------------+-----
Stealth        | 1 2 3 |  3.2
Unarmed Combat | 4 |  4.0
Fighting       | |  1.0
Dodging        | |  2.2
Spellcasting   | |  2.3
Transmutations | |  2.4

Action                   |  1- 3 |  4- 6 || total
-------------------------+-------+-------++-------
Melee: Unarmed           |    77 |    20 ||    97
       Constrict         |    20 |     9 ||    29
       Kick              |    18 |     5 ||    23
       Tentacles         |    14 |     3 ||    17
       Punch             |     1 |       ||     1
 Cast: Beastly Appendage |    15 |     3 ||    18
       Wereblood         |       |     1 ||     1
 Stab: Sleeping          |    13 |       ||    13
Armor: Skin              |     4 |     1 ||     5
Dodge: Dodged            |    41 |    20 ||    61
